 Dungeon Crawl Stone Soup version 0.16-a0-4008-gc88e425 (webtiles) character file.

182 BluebellGnoll the Skirmisher (level 5, 52/52 HPs)
             Began as a Minotaur Berserker on Feb 16, 2015.
             Was a Believer of Trog.
             Quit the game on level 3 of the Dungeon.
             The game lasted 00:06:03 (2065 turns).

BluebellGnoll the Skirmisher (Minotaur Berserker)   Turns: 2065, Time: 00:06:03

Health: 52/52      AC:  3    Str: 22    XL:     5   Next: 34%
Magic:  2/2        EV: 12    Int:  0    God:    Trog [**....]
Gold:   265        SH:  0    Dex: 10    Spells: 0 memorised, 4 levels left

rFire  . . .     SeeInvis .     t - +0 war axe
rCold  . . .     Clarity  .     b - +0 animal skin
rNeg   . . .     SustAb   .     (no shield)
rPois  .         Gourm    .     (helmet restricted)
rElec  .         Spirit   .     (no cloak)
rCorr  .         Warding  .     g - +0 pair of gloves
rMut   .         Stasis   .     (no boots)
MR     .....                    (no amulet)
Stlth  +.........               (no ring)
                                m - -4 ring of intelligence

@: lost intelligence, very slow, not resistant to hostile enchantments, very
unstealthy
A: retaliatory headbutt, horns 2
a: Burn Spellbooks, Berserk, Trog's Hand, Renounce Religion


You were on level 3 of the Dungeon.
You worshipped Trog.
Trog was pleased with you.
You were not hungry.

You visited 1 branch of the dungeon, and saw 3 of its levels.

You collected 265 gold pieces.

Inventory:

Hand weapons
 t - a +0 war axe (weapon)
Missiles
 f - 8 tomahawks (quivered)
Armour
 b - a +0 animal skin (worn)
 g - a +0 pair of gloves (worn)
 s - a +0 plate armour
Jewellery
 m - a -4 ring of intelligence (left hand)
Scrolls
 a - a scroll of enchant armour {unknown}
 e - 3 scrolls of amnesia
 h - a scroll of remove curse
 j - 2 scrolls of recharging {unknown}
 k - a scroll of noise {unknown}
 l - 2 scrolls of identify {unknown}
 o - a scroll of random uselessness {unknown}
 p - 2 scrolls of teleportation {unknown}
 q - 3 scrolls of blinking {unknown}
 r - a scroll of fear {unknown}
 v - a scroll of immolation {unknown}
Potions
 d - a potion of mutation {unknown}
 i - a potion of invisibility {unknown}
 u - a potion of cure mutation {unknown}
Comestibles
 c - 2 bread rations
 n - a meat ration
 w - 2 chunks of flesh


   Skills:
 + Level 7.3 Fighting
 - Level 3.7 Axes
 - Level 2.4 Armour
 - Level 2.1 Dodging


You had 4 spell levels left.
You didn't know any spells.

Dungeon Overview and Level Annotations

Branches:
Dungeon (3/15)

Altars:
The Shining One


Innate Abilities, Weirdness & Mutations

You reflexively headbutt those who attack you in melee.
You have a pair of horns on your head.


Message History

A jackal comes into view.
You hit the jackal.
You kill the jackal!
Trog accepts your kill.
You see here a jackal corpse.
You butcher the jackal corpse.
w - 2 chunks of flesh Read which item? (? for menu, Esc to quit)
As you read the scroll of remove curse, it crumbles to dust.
You feel as if something is helping you.
Read which item? (? for menu, Esc to quit)
None of your equipped items are cursed.
Read which item? (? for menu, Esc to quit)
None of your equipped items are cursed.
Read which item? (? for menu, Esc to quit)
None of your equipped items are cursed.
Read which item? (? for menu, Esc to quit)
None of your equipped items are cursed.
Unknown command.
Are you sure you want to abandon this character and quit the game? (Confirm with "yes".)

### ######
#.##########.##.##
#............#..#.
#.##########.#..#.
#@# #.....#.
#......# #.....#.
######.# #.....##
. #.......
#####.... #...#.##
......(...
#.......
#.........#
#...#...
+.........+
.....####.
#.........#
###.......


There were no monsters in sight!

Vanquished Creatures
  The ghost of smajdalf the Chiller, an average OpIE (D:3)
  Terence (D:3)
  3 adders (D:2)
  A worm (D:2)
  3 giant geckos
  An orc (D:3)
  A ball python (D:2)
  7 goblins
  10 hobgoblins
  5 jackals
  A quokka (D:2)
  5 bats
  A giant cockroach (D:3)
  8 kobolds
  8 rats
56 creatures vanquished.

Notes
Turn   | Place    | Note
--------------------------------------------------------------
     0 | D:1      | BluebellGnoll, the Minotaur Berserker, began the quest for the Orb.
     0 | D:1      | Reached XP level 1. HP: 19/19 MP: 1/1
   228 | D:1      | Reached skill level 4 in Fighting
   364 | D:1      | Reached XP level 2. HP: 21/27 MP: 1/1
   869 | D:2      | Reached skill level 5 in Fighting
   961 | D:2      | Reached XP level 3. HP: 36/36 MP: 2/2
  1111 | D:2      | Acquired Trog's second power
  1263 | D:2      | Reached XP level 4. HP: 19/44 MP: 2/2
  1473 | D:2      | Reached skill level 6 in Fighting
  1841 | D:3      | Found a glowing golden altar of the Shining One.
  1842 | D:3      | Noticed smajdalf's ghost (average OpIE)
  1848 | D:3      | Killed smajdalf's ghost
  1848 | D:3      | Reached skill level 7 in Fighting
  1848 | D:3      | Reached XP level 5. HP: 52/52 MP: 2/2
  1923 | D:3      | Noticed Terence
  1928 | D:3      | Killed Terence
  2024 | D:3      | Lost intelligence.
  2065 | D:3      | Quit the game

Action                   |  1- 3 |  4- 6 || total
-------------------------+-------+-------++-------
Melee: Hand axe          |    77 |    11 ||    88
       War axe           |       |    24 ||    24
Throw: Tomahawk          |     6 |     1 ||     7
Invok: Berserk           |       |     2 ||     2
       Trog's Hand       |       |     1 ||     1
  Use: Scroll            |       |     3 ||     3
  Eat: Chunk             |     1 |     1 ||     2
       Pizza             |       |     1 ||     1
       Royal jelly       |       |     1 ||     1
